AoeStats
← Green Assassin

African Clearing

506824022Analyzed
4v4 RM · 16d ago on Sep 15, 2026· 55m 31s· 8 players
Game mode
Random Map
Map size
Large (8 player)
Population
200
Speed
Normal
Resources
Standard
Victory
Conquest
Starting age
Dark Age
Ending age
Imperial Age
RankedLock teamsTeams togetherTeam positionsShared explorationLock speedFull tech treeHidden civsTurbo modeCheats
Victory
Defeat
1234
+14
🇨🇳 Spanish · China
1220
+15
🇹🇷 Cumans · Türkiye
1220
+15
🇨🇳 Tatars · China
1183
+24
🇭🇷 Saracens · Croatia
1233
-16
🇦🇺 Mongols · Australia
1214
-16
🇩🇪 Georgians · Germany
1185
-15
🇦🇺 Byzantines · Australia
1147
-13
我很牛逼
5:30 Loom
15:14 Feudal Age
20:13 Castle Age
18:28 Double-Bit Axe
19:00 Horse Collar
30:22 Bow Saw
30:13 Heavy Plow
36:10 Imperial Age
34:16 Wheelbarrow
34:55 Stone Mining
34:56 Gold Mining
35:29 Husbandry
35:39 Bloodlines
36:17 Scale Barding Armor
36:22 Forging
36:17 Scale Barding Armor
36:22 Forging
36:56 Cavalier
38:08 Conscription
39:08 Paladin
40:11 Chain Barding Armor
40:26 Iron Casting
40:11 Chain Barding Armor
40:26 Iron Casting
40:12 Chain Barding Armor
40:27 Iron Casting
41:25 Plate Barding Armor
41:52 Blast Furnace
42:42 Supremacy
46:34 Stone Shaft Mining
46:16 Hand Cart
49:33 Light Cavalry
51:46 Chemistry
52:27 Two-Man Saw
51:34 Fletching
51:15 Hussar
52:59 Bombard Tower
52:25 Arrowslits
53:01 Ballistics
52:39 Murder Holes
52:55 Masonry
53:26 Hoardings
52:13 Elite Conquistador
Albus
3:46 Loom
12:51 Feudal Age
14:19 Double-Bit Axe
19:34 Horse Collar
21:41 Bloodlines
23:41 Gold Mining
26:45 Castle Age
26:54 Wheelbarrow
27:44 Scale Barding Armor
27:49 Forging
27:56 Heavy Plow
29:25 Bow Saw
29:18 Stone Mining
34:21 Chain Barding Armor
34:36 Iron Casting
39:52 Imperial Age
37:38 Hand Cart
38:20 Steppe Husbandry
39:57 Elite Steppe Lancer
43:50 Two-Man Saw
43:23 Crop Rotation
43:57 Plate Barding Armor
44:22 Blast Furnace
44:31 Blast Furnace
46:43 Gold Shaft Mining
46:33 Conscription
46:13 Cuman Mercenaries
46:05 Light Cavalry
49:14 Hussar
[UNZ] SmellyCoder70
5:56 Loom
17:00 Feudal Age
19:03 Wheelbarrow
21:43 Castle Age
25:17 Double-Bit Axe
32:14 Imperial Age
29:38 Town Watch
30:37 Hand Cart
30:15 Horse Collar
30:59 Fervor
31:12 Husbandry
31:22 Bloodlines
32:16 Town Patrol
32:58 Bloodlines
34:15 Cavalier
35:05 Scale Barding Armor
35:11 Forging
38:24 Chain Barding Armor
39:33 Plate Barding Armor
39:58 Bow Saw
39:46 Gold Mining
39:46 Stone Mining
39:58 Heavy Plow
41:15 Iron Casting
42:19 Ballistics
45:51 Chemistry
44:33 Treadmill Crane
46:09 Blast Furnace
46:38 Murder Holes
48:53 Bombard Tower
48:46 Masonry
49:03 Conscription
50:19 Elite Organ Gun
50:24 Elite Organ Gun
54:57 Fletching
percy5655
6:25 Loom
14:04 Feudal Age
14:40 Double-Bit Axe
22:42 Wheelbarrow
22:00 Gold Mining
22:27 Bloodlines
31:37 Castle Age
29:45 Horse Collar
30:44 Stone Mining
30:56 Fletching
31:07 Padded Archer Armor
32:23 Bodkin Arrow
32:43 Leather Archer Armor
32:54 Bow Saw
35:29 Heavy Plow
35:29 Town Watch
37:14 Hand Cart
40:29 Husbandry
45:15 Gold Shaft Mining
44:51 Scale Barding Armor
45:59 Silk Armor
47:51 Ballistics
50:36 Imperial Age
50:48 Heavy Cavalry Archer
51:53 Conscription
51:43 Bracer
52:13 Ring Archer Armor
53:07 Chemistry
52:05 Light Cavalry
53:10 Chain Barding Armor
53:01 Forging
53:51 Crop Rotation
55:13 Hussar
Filip_jede_Meso
5:35 Loom
14:04 Feudal Age
14:17 Man-at-Arms
19:19 Wheelbarrow
20:51 Fletching
21:57 Double-Bit Axe
24:39 Padded Archer Armor
27:34 Castle Age
27:28 Horse Collar
28:40 Bow Saw
32:04 Scale Barding Armor
32:40 Stone Mining
32:42 Gold Mining
35:57 Chain Barding Armor
36:21 Forging
36:29 Bloodlines
38:52 Gold Shaft Mining
38:55 Forging
42:24 Heavy Plow
46:19 Imperial Age
44:45 Iron Casting
44:00 Town Watch
45:58 Hand Cart
48:13 Plate Barding Armor
47:51 Masonry
48:02 Ballistics
52:48 Elite Mameluke
55:25 Murder Holes
Green Assassin
5:05 Loom
14:53 Feudal Age
15:41 Double-Bit Axe
25:28 Castle Age
26:06 Wheelbarrow
25:39 Scale Barding Armor
27:10 Chain Barding Armor
27:01 Forging
29:01 Husbandry
29:36 Fishing Lines
29:49 Fishing Lines
30:40 Fletching
32:09 Ballistics
32:18 Murder Holes
32:18 Guard Tower
35:21 Bloodlines
37:27 Svan Towers
37:39 Horse Collar
38:22 Bow Saw
38:04 Gold Mining
39:21 Gillnets
40:11 Bodkin Arrow
40:53 Iron Casting
44:21 Imperial Age
45:35 Conscription
45:53 Plate Barding Armor
46:19 Blast Furnace
45:54 Scale Mail Armor
45:48 Pikeman
46:31 Halberdier
47:11 Squires
48:48 Keep
49:21 Chemistry
48:11 Arrowslits
50:07 Parthian Tactics
50:01 Elite Monaspa
52:46 Siege Engineers
54:05 Chain Mail Armor
Trollociraptor
13:31 Feudal Age
13:16 Loom
17:51 Castle Age
18:47 Double-Bit Axe
21:09 Horse Collar
21:57 Bow Saw
21:42 Crossbowman
25:31 Fletching
31:05 Heavy Plow
31:44 Wheelbarrow
31:59 Bodkin Arrow
32:46 Padded Archer Armor
33:12 Ballistics
34:12 Light Cavalry
36:52 Leather Archer Armor
38:26 Thumb Ring
42:26 Imperial Age
42:50 Pikeman
43:30 Squires
43:16 Arson
43:41 Murder Holes
43:42 Halberdier
45:00 Scale Mail Armor
45:10 Forging
45:26 Bracer
46:16 Chain Mail Armor
47:40 Iron Casting
49:21 Plate Mail Armor
52:36 Conscription
Rocinante
12:22 Feudal Age
10:40 Loom
12:26 Feudal Age
14:35 Double-Bit Axe
17:43 Castle Age
18:18 Double-Bit Axe
25:46 Wheelbarrow
25:33 Bow Saw
28:19 Horse Collar
30:15 Hand Cart
31:22 Fletching
32:06 Ballistics
36:27 Imperial Age
34:14 Gold Mining
34:54 Heavy Plow
36:44 Bloodlines
36:35 Husbandry
36:42 Thumb Ring
36:43 Bodkin Arrow
36:48 Padded Archer Armor
37:39 Parthian Tactics
37:48 Elite Mangudai
39:31 Drill
42:54 Bracer
43:09 Leather Archer Armor
44:18 Pikeman
44:58 Squires
47:25 Forging
47:15 Scale Mail Armor
49:35 Light Cavalry
50:55 Iron Casting
50:26 Scale Barding Armor
50:30 Hussar
Connection lost

Rejoining the realm…

Still unreachable

The connection could not be restored.

Session expired

The server has moved on; the page needs a fresh start.